 Dungeon Crawl Stone Soup version 0.30-a0-371-gad7725a93e (webtiles) character file.

Game seed: 2932905220141948647

15 skoleks the Ruffian (level 2, 7/26 HPs)
             Began as a Ghoul Monk on Nov 21, 2022.
             Quit the game on level 1 of the Dungeon.
             The game lasted 00:01:59 (257 turns).

skoleks the Ruffian (Ghoul Monk)                     Turns: 257, Time: 00:02:00

Health: 7/26       AC:  2    Str: 14    XL:     2   Next: 50%
Magic:  1/1        EV: 12    Int:  5    God:
Gold:   0          SH:  0    Dex: 11    Spells: 1/1 levels left

rFire   . . .      SeeInvis .      - Unarmed
rCold   + . .      Faith    .    (no shield)
rNeg    + + +      Spirit   .    a - +0 robe
rPois   ∞          Reflect  .    (no helmet)
rElec   .          Harm     .    (no cloak)
rCorr   .          Rampage  .    (no gloves)
Will    .....                    (no boots)
Stlth   ++........               (no amulet)
HPRegen 0.00/turn                (no ring)
MPRegen 0.07/turn                (no ring)

@: inhibited regen
A: claws 1, cold resistance 1, negative energy resistance 3, inhibited
regeneration, torment resistance 2, devour on kill
a: no special abilities


You were on level 1 of the Dungeon.
You visited 1 branch of the dungeon, and saw 1 of its levels.

Inventory:

Armour
 a - a +0 robe (worn)
Scrolls
 c - a scroll of teleportation {unknown}
 d - a scroll of identify {unknown}
 f - 2 scrolls of poison {unknown}
Potions
 b - a potion of ambrosia
 e - a potion of invisibility {unknown}
 g - a potion of curing {unknown}


   Skills:
 + Level 3.4 Fighting
 + Level 2.8 Dodging
 + Level 2.2 Stealth
 + Level 3.9 Unarmed Combat


You had one spell level left.
You didn't know any spells.
Your spell library was empty.

Dungeon Overview and Level Annotations

Branches:
Dungeon (1/15)

Altars:


Innate Abilities, Weirdness & Mutations

You are immune to poison.
You have sharp fingernails.
Your flesh is cold resistant. (rC+)
You are immune to negative energy. (rN+++)
You do not regenerate when monsters are visible.
You are immune to unholy pain and torment.
You thrive by killing the living.


Message History

The goblin shouts!
A ball python comes into view.
The goblin hits you with a +0 dagger.
You closely miss the goblin.
The ball python hisses angrily.
The goblin hits you with a +0 dagger.
You barely miss the goblin. The ball python bites you.
The ball python grabs you. The ball python constricts you.
The goblin hits you with a +0 dagger.
You closely miss the goblin. The ball python misses you.
The ball python constricts you. The goblin hits you with a +0 dagger.
You barely miss the goblin. The ball python bites you.
The ball python constricts you. The goblin hits you with a +0 dagger.
You claw the goblin!
You kill the goblin!
The ball python bites you. The ball python constricts you.
You scratch the ball python.
The ball python is severely wounded.
The ball python bites you.
* * * LOW HITPOINT WARNING * * *
The ball python constricts you.
You completely miss the ball python.
The ball python is severely wounded.
The ball python bites you but does no damage.
The ball python constricts you.
You scratch the ball python.
You kill the ball python!
There is a stone staircase leading down here.
Things that are here:
a +0 dagger; a goblin corpse
There is a stone staircase leading down here.
A kobold comes into view. It is wielding a +0 club.
Unknown command.
Unknown command.
Okay, then.
Unknown command.
You are too injured to fight recklessly!
Sorry, you're not good enough to have a special ability.
Unknown command.
Are you sure you want to abandon this character and quit the game? (Confirm with "yes".)

###### ###....# .
#.#!...###..
#.#........#
#.#........#
#.#.@......#
#.####)>.........
#.......####...K#
#.####......#####
#......#
##.####......#
#............#
#######......#
#.######


You could see a kobold (asleep).

Vanquished Creatures
  3 ball pythons (D:1)
  2 bats (D:1)
  An endoplasm (D:1)
  4 goblins (D:1)
  A hobgoblin (D:1)
  A kobold (D:1)
12 creatures vanquished.

Notes
Turn   | Place    | Note
-------+----------+-------------------------------------------
     0 | D:1      | skoleks the Ghoul Monk began the quest for the Orb.
     0 | D:1      | Reached XP level 1. HP: 19/19 MP: 0/0
    73 | D:1      | Reached XP level 2. HP: 26/26 MP: 1/1
   257 | D:1      | Quit the game

Illustrated notes

Levels and vault maps discovered:
D:1:      saegor_arrival_simple_c, layout_basic, minmay_misc_feat_rows,
          minmay_misc_feat_doors, serial_bayou_ford_a, minmay_tiny_reverse_x

Action                   || total
-------------------------++-------
Melee: Unarmed           ||    27
       Punch             ||     1
 Stab: Sleeping          ||     1
Armor: Robe              ||     4
Dodge: Dodged            ||    17

Table legend: (Time is in decaauts)
 A = Elapsed time spent in this place.
 B = Non-inter-level travel time spent in this place.
 C = Inter-level travel time spent in this place.
 D = Time resting spent in this place.
 E = Time spent auto-exploring this place.
 F = Levels seen in this place.
 G = Mean time per level.
                   A        B        C        D        E       F      G
               +--------+--------+--------+--------+--------+-----+--------+
         Total |    255 |    255 |      0 |      0 |    120 |   1 |  255.0 |
       Dungeon |    255 |    255 |      0 |      0 |    120 |   1 |  255.0 |
               +--------+--------+--------+--------+--------+-----+--------+

Top non-repeatable levels by time:
     D:1: 255 daAuts
